AoeStats
← Hekyro🖤.-

Arena

506972342Analyzed
3v3 RM · 15d ago on Sep 16, 2026· 33m 6s· 6 players
Game mode
Random Map
Map size
Normal (6 player)
Population
200
Speed
Normal
Resources
Standard
Victory
Conquest
Starting age
Dark Age
Ending age
Imperial Age
RankedLock teamsTeams togetherTeam positionsShared explorationLock speedFull tech treeHidden civsTurbo modeCheats
Victory
Defeat
🇦🇷 Britons · Argentina
1078
+19
🇦🇷 Goths · Argentina
1066
+20
🇦🇷 Koreans · Argentina
1059
+20
🇵🇪 Bohemians · Peru
1176
-21
🇵🇾 Lithuanians · Paraguay
1155
-20
🇺🇸 Armenians · United States
1110
-18
Joseph
10:11 Feudal Age
14:27 Castle Age
12:36 Double-Bit Axe
12:48 Horse Collar
17:51 Fervor
21:33 Wheelbarrow
31:22 Imperial Age
29:12 Gold Mining
29:47 Scale Barding Armor
29:53 Forging
31:16 Chain Barding Armor
32:00 Husbandry
32:12 Bloodlines
31:31 Cavalier
Void-Warrior
10:43 Feudal Age
17:29 Castle Age
16:13 Double-Bit Axe
18:49 Man-at-Arms
19:23 Horse Collar
20:12 Long Swordsman
21:08 Scale Mail Armor
21:13 Squires
21:09 Two-Handed Swordsman
23:30 Wheelbarrow
24:17 Arson
24:47 Forging
25:42 Hand Cart
26:21 Stone Mining
27:23 Gambesons
28:00 Heavy Plow
30:53 Iron Casting
31:54 Chain Mail Armor
31:34 Gold Mining
Hekyro🖤.-
9:18 Loom
11:10 Feudal Age
12:29 Wheelbarrow
15:04 Castle Age
14:21 Double-Bit Axe
15:21 Loom
17:00 Fervor
19:16 Sanctity
24:06 Horse Collar
25:12 Fletching
28:55 Imperial Age
29:22 Chemistry
BuenaOnda
11:24 Feudal Age
15:21 Castle Age
13:50 Double-Bit Axe
14:27 Horse Collar
20:45 Fletching
21:54 Padded Archer Armor
22:53 Leather Archer Armor
24:33 Ballistics
25:53 Gold Mining
26:16 Bow Saw
28:00 Gold Shaft Mining
27:28 Heavy Plow
28:47 Wheelbarrow
28:22 Stone Mining
32:52 Imperial Age
30:07 Crossbowman
SINAPODO
10:03 Feudal Age
12:23 Horse Collar
17:44 Castle Age
17:32 Double-Bit Axe
23:27 Scale Mail Armor
25:11 Loom
27:27 Chain Mail Armor
30:07 Forging
32:22 Squires
Hasper
10:40 Feudal Age
11:40 Feudal Age
15:26 Castle Age
13:41 Double-Bit Axe
14:05 Horse Collar
21:52 Town Watch
24:15 Gold Mining
25:00 Stone Mining
25:44 Loom
27:24 Anarchy
27:48 Man-at-Arms
28:29 Squires
28:31 Scale Mail Armor
28:42 Forging
30:26 Wheelbarrow
30:34 Chain Mail Armor
30:55 Iron Casting
30:37 Heavy Plow
30:08 Long Swordsman
30:49 Pikeman
35:02 Imperial Age
33:27 Hand Cart
33:23 Bow Saw
Connection lost

Rejoining the realm…

Still unreachable

The connection could not be restored.

Session expired

The server has moved on; the page needs a fresh start.